 Dungeon Crawl Stone Soup version 0.17-a0-2171-ga91b4ec (webtiles) character file.

91 Ijustatesigmund the Sneak (level 4, -2/36 HPs)
             Began as a Naga Wizard on Oct 25, 2015.
             Slain by a centaur zombie (5 damage)
             ... on level 3 of the Dungeon.
             The game lasted 00:07:32 (2805 turns).

Ijustatesigmund the Sneak (Naga Wizard)             Turns: 2805, Time: 00:07:32

Health: -2/36      AC:  4    Str: 12    XL:     4   Next: 57%
Magic:  1/8        EV:  9    Int: 19    God:
Gold:   52         SH:  0    Dex:  9    Spells: 4 memorised, 1 level left

rFire  + . .     SeeInvis +     e - +1 dagger
rCold  + . .     Clarity  .     a - +0 robe
rNeg   . . .     SustAt   .     (no shield)
rPois  +         Gourm    +     k - +0 helmet
rElec  +         Spirit   .     (no cloak)
rCorr  +         Warding  .     i - +0 pair of gloves
rMut   .         Stasis   .     (no barding)
MR     .....                    q - amulet of the gourmand
Stlth  +++.......               (no ring)
                                g - +2 ring of strength

@: resistant, very slightly contaminated, very slow, not resistant to hostile
enchantments, fairly stealthy
A: see invisible, deformed body, poison resistance, slowness 2, slow metabolism
1, spit poison 2, AC +1
a: Spit Poison


You were on level 3 of the Dungeon.
You were very full.

You visited 1 branch of the dungeon, and saw 3 of its levels.

You collected 52 gold pieces.

Inventory:

Hand Weapons
 e - a +1 dagger (weapon)
Missiles
 m - 2 javelins (quivered)
Armour
 a - a +0 robe (worn)
 b - a +1 hat
 i - a +0 pair of gloves (worn)
 k - a +0 helmet (worn)
Jewellery
 g - a +2 ring of strength (left hand)
 q - an amulet of the gourmand (around neck)
Scrolls
 s - 4 scrolls of remove curse
Potions
 n - a potion of agility
Books
 c - a book of Minor Magic

   Spells                             Type                      Level
   a - Magic Dart                     Conjuration                  1
   b - Blink                          Translocation                2
   c - Call Imp                       Summoning                    2
   d - Repel Missiles                 Charms/Air                   2
   e - Slow                           Hexes                        2
   f - Conjure Flame                  Conjuration/Fire             3
   g - Mephitic Cloud                 Conjuration/Poison/Air       3
 p - a book of Transfigurations

   Spells                             Type                      Level
   a - Stoneskin                      Transmutation/Earth          2
   b - Irradiate                      Conjuration/Transmutation    5
   c - Statue Form                    Transmutation/Earth          6
   d - Hydra Form                     Transmutation                6
   e - Dragon Form                    Transmutation                7
Comestibles
 d - 2 bread rations
 r - 2 fruits


   Skills:
 - Level 1.5 Dodging
 + Level 5.7 Stealth
 - Level 3.0 Spellcasting
 + Level 2.8 Conjurations
   Level 1.0 Summonings
 - Level 1.0 Translocations


You had one spell level left.
You knew the following spells:

 Your Spells              Type           Power        Failure   Level  Hunger
a - Magic Dart            Conj           ##..         6%          1    None
b - Blink                 Tloc           N/A          17%         2    ##.....
c - Repel Missiles        Chrm/Air       #.....       24%         2    ##.....
d - Mephitic Cloud        Conj/Pois/Air  #.......     34%         3    ###....


Dungeon Overview and Level Annotations

Branches:
Dungeon (3/15)

Altars:


Innate Abilities, Weirdness & Mutations

You cannot wear boots.
Your serpentine skin is tough (AC +1).
You have supernaturally acute eyesight.
Armour fits poorly on your strangely shaped body.
Your system is resistant to poisons.
You cover ground very slowly.
You have a slow metabolism.
You can spit poison.


Message History

Casting: Magic Dart
Confirm with . or Enter, or press ? or * to list all spells.
Aiming: Magic Dart
Press: ? - help, Shift-Dir - straight line, f/p - centaur zombie
Aim: a centaur zombie The magic dart hits the centaur zombie.
The centaur zombie barely misses you. The centaur zombie barely misses you.
You hit the centaur zombie. The centaur zombie barely misses you.
You hit the centaur zombie. The centaur zombie hits you.
* * * LOW HITPOINT WARNING * * *
You hit the centaur zombie but do no damage.
The centaur zombie hits you but does no damage.
The centaur zombie hits you.
* * * LOW HITPOINT WARNING * * *
Drink which item? (? for menu, Esc to quit)
It was a potion of resistance.
You feel protected. The centaur zombie barely misses you.
You hit the centaur zombie. The centaur zombie hits you.
You die...

#.......#
#.......
#.......#
#......
#.......#
.....
####).### ...
#.......# #'#
#.......# #.#
#.......# #.#
#Z......# #.#
#@......# #.#
#.......#
#.####
######.##
#..... #.##
#.....
#..#####o....
##.##..o...##
#..#......#
..
##.#......#
...
#........#


You could see a centaur zombie.

Vanquished Creatures
  An orc wizard (D:3)
  An ooze (D:1)
  2 giant geckos (D:3)
  2 orcs (D:3)
  2 giant cockroaches
  11 hobgoblins
  2 quokkas (D:3)
  7 bats
  2 giant newts
  7 goblins
  3 jackals (D:2)
  6 kobolds
  5 rats
51 creatures vanquished.

Notes
Turn   | Place    | Note
--------------------------------------------------------------
     0 | D:1      | Ijustatesigmund the Naga Wizard began the quest for the Orb.
     0 | D:1      | Reached XP level 1. HP: 15/15 MP: 4/4
   362 | D:1      | Reached XP level 2. HP: 22/22 MP: 1/6
   366 | D:1      | Learned a level 2 spell: Blink
   369 | D:1      | Learned a level 2 spell: Repel Missiles
   632 | D:1      | Reached skill level 4 in Stealth
  1084 | D:1      | Reached XP level 3. HP: 21/28 MP: 1/7
  1958 | D:2      | Learned a level 3 spell: Mephitic Cloud
  2210 | D:2      | Reached skill level 5 in Stealth
  2442 | D:3      | Reached XP level 4. HP: 30/36 MP: 0/8
  2805 | D:3      | Slain by a centaur zombie

Vault maps used:
D:1:      shiori_shiawase
D:3:      ecumenical_altar_1, ashenzari_altar_1, uniq_natasha

Action                   |  1- 3 |  4- 6 || total
-------------------------+-------+-------++-------
Melee: Dagger            |    49 |    33 ||    82
 Cast: Magic Dart        |    99 |    16 ||   115
       Repel Missiles    |     1 |     1 ||     2
       Mephitic Cloud    |       |     2 ||     2
  Use: Scroll            |     8 |       ||     8
       Potion            |       |     6 ||     6
 Stab: Sleeping          |     2 |       ||     2
  Eat: Chunk             |     5 |     8 ||    13
